 Dungeon Crawl Stone Soup version 0.26-a0-663-g36e8fdb655 (webtiles) character file.

Game seed: 4068291874966341239

116 grandjackal the Slasher (level 4, -2/35 HPs)
             Began as a Demonspawn Gladiator on Oct 11, 2020.
             Was an Initiate of Okawaru.
             Slain by a worker ant (5 damage)
             ... on level 6 of the Dungeon.
             The game lasted 00:02:12 (2347 turns).

grandjackal the Slasher (Demonspawn Gladiator)      Turns: 2347, Time: 00:02:13

Health: -2/35      AC:  7    Str: 15    XL:     4   Next: 69%
Magic:  0/4        EV: 12    Int:  9    God:    Okawaru [......]
Gold:   88         SH:  0    Dex: 15    Spells: 3/3 levels left

rFire    . . .     SeeInvis .   a - +0 long sword
rCold    + . .     Faith    .   (no shield)
rNeg     . . .     Spirit   +   j - +0 ring mail (curse)
rPois    .         Reflect  .   c - +0 helmet
rElec    .         Harm     .   (no cloak)
rCorr    .         Rampage  .   p - +0 pair of gloves
MR       .....                  (no boots)
Stlth    +.........             (no amulet)
HPRegen  0.11/turn              b - ring of protection from cold
MPRegen  0.09/turn              (no ring)

@: mighty, lethally poisoned (-2 -> -21)
A: powered by pain 1, magic shield
a: Renounce Religion


You were on level 6 of the Dungeon.
You worshipped Okawaru.
Okawaru was noncommittal.
You visited 1 branch of the dungeon, and saw 4 of its levels.

You collected 88 gold pieces.

Inventory:

Hand Weapons
 a - a +0 long sword (weapon)
Missiles
 d - 2 throwing nets (quivered)
Armour
 c - a +0 helmet (worn)
 j - a cursed +0 ring mail (worn)
 p - a +0 pair of gloves (worn)
Jewellery
 b - a ring of protection from cold (left hand)
Wands
 n - a wand of random effects (29)
Scrolls
 e - 2 scrolls of teleportation {unknown}
 g - 3 scrolls of identify {unknown}
 h - a scroll of enchant armour {unknown}
 i - 2 scrolls of fear {unknown}
 k - a scroll of magic mapping {unknown}
 q - a scroll of remove curse {unknown}
 r - a scroll of enchant weapon {unknown}
Potions
 f - a potion of might
 l - a potion of berserk rage {unknown}
 m - a potion of degeneration {unknown}
 o - a potion of stabbing {unknown}
 s - 3 potions of cancellation {unknown}


   Skills:
 + Level 3.2 Fighting
 + Level 3.6 Long Blades
 - Level 1.7 Throwing
 + Level 3.5 Dodging
 + Level 0.4 Invocations


You had 3 spell levels left.
You didn't know any spells.
Your spell library was empty.

Dungeon Overview and Level Annotations

Branches:
Dungeon (3/15)

Altars:
Okawaru
Ru


Innate Abilities, Weirdness & Mutations

You sometimes gain a little power by taking damage.
When hurt, damage is shared between your health and your magic reserves.


Message History

The worker ant is heavily wounded.
The worker ant bites you.
You are lethally poisoned!
The worker ant poisons you!
Throwing (i - inventory)
d - 3 throwing nets (quivered)
Press: ? - help, Shift-Dir - straight line, f - worker ant
Aim: a worker ant (heavily wounded)
You throw a throwing net.
The throwing net closely misses the worker ant.
* * * LOW HITPOINT WARNING * * *
You feel sick. The worker ant bites you.
* * * LOW HITPOINT WARNING * * *
You are more poisoned.
The worker ant poisons you!
Unknown command.
It was a potion of might.
You feel very mighty all of a sudden.
* * * LOW HITPOINT WARNING * * *
You feel sick. The worker ant misses you. The worker ant bites you.
You die...

. .. #######
.# #.....# .$#
#.....# ..
#.....##.#
#(.B@....#
#.....#.......
#.....#..##.##
#....$#....
#######.....
#.###.. .. #
..


You could see a worker ant.

Vanquished Creatures
  Jessica (D:1)
  4 gnolls
  An adder (D:3)
  2 oozes
  A dart slug (D:1)
  7 bats
  3 giant cockroaches
  4 hobgoblins
  2 jackals
  A frilled lizard (D:2)
  3 goblins
  5 kobolds
  A rat (D:1)
35 creatures vanquished.

Notes
Turn   | Place    | Note
-------+----------+-------------------------------------------
     0 | D:1      | grandjackal the Demonspawn Gladiator began the quest for
                  | the Orb.
     0 | D:1      | Reached XP level 1. HP: 16/16 MP: 1/1
   285 | D:1      | Gained mutation: You sometimes gain a little power by
                  | taking damage. [demonic ancestry]
   285 | D:1      | Reached XP level 2. HP: 19/22 MP: 2/2
  1129 | D:2      | Reached XP level 3. HP: 27/28 MP: 3/3
  1470 | D:2      | Noticed Jessica
  1506 | D:1      | Killed Jessica
  1506 | D:1      | Gained mutation: When hurt, damage is shared between your
                  | health and your magic reserves. [demonic ancestry]
  1506 | D:1      | Reached XP level 4. HP: 13/35 MP: 4/4
  1958 | D:2      | Found an iron altar of Okawaru.
  1967 | D:2      | Became a worshipper of Warmaster Okawaru
  2321 | D:3      | Found a sacrificial altar of Ru.
  2334 | D:3      | You fall into a shaft and drop 3 floors!
  2347 | D:6      | Slain by a worker ant

Illustrated notes

Levels and vault maps discovered:
D:1:      nagdon_arrival_zigzag_paths, layout_loops_corners
D:2:      layout_rooms, okawaru_gym_becter, uniq_jessica
D:3:      layout_basic, nicolae_overflow_hidden_temple, old_standard_altar,
          nicolae_ru_great_annihilating_truth, lemuel_coloured_pillars_altar
D:6:      layout_loops_cross, serial_shops, nicolae_shop_statue_plus,
          portal_sewer_entry_a

Skill      XL: |  1  2  3 |
---------------+----------+-----
Long Blades    | 3 |  3.6
Dodging        | 3 |  3.5
Fighting       | 3 |  3.2
Throwing       | |  1.7
Invocations    | |  0.4

Action                   |  1- 3 |  4- 6 || total
-------------------------+-------+-------++-------
Melee: Long sword        |    68 |    45 ||   113
Throw: Throwing net      |       |     3 ||     3
  Use: Potion            |       |     1 ||     1
 Stab: Sleeping          |     1 |       ||     1
Armor: Leather armour    |     6 |       ||     6
       Ring mail         |    30 |    15 ||    45
Dodge: Dodged            |    50 |    34 ||    84
       Rpst.: Long sword |    12 |     9 ||    21

Table legend: (Time is in decaauts)
 A = Elapsed time spent in this place.
 B = Non-inter-level travel time spent in this place.
 C = Inter-level travel time spent in this place.
 D = Time resting spent in this place.
 E = Time spent auto-exploring this place.
 F = Levels seen in this place.
 G = Mean time per level.
                   A        B        C        D        E       F      G
               +--------+--------+--------+--------+--------+-----+--------+
         Total |   2377 |   2294 |     83 |    614 |   1334 |   4 |  594.2 |
       Dungeon |   2377 |   2294 |     83 |    614 |   1334 |   4 |  594.2 |
               +--------+--------+--------+--------+--------+-----+--------+

Top non-repeatable levels by time:
     D:1: 1672 daAuts
     D:2: 627 daAuts
     D:3: 62 daAuts
     D:6: 14 daAuts
